 Dungeon Crawl Stone Soup version 0.29.1-15-g9cfb28693d (webtiles) character file.

Game seed: 10143220328562668387

107 growler the Insei (level 4, -6/32 HPs)
             Began as a Merfolk Transmuter on Mar 21, 2023.
             Mangled by a gnoll
             ... wielding a +0 whip
              (9 damage)
             ... on level 3 of the Dungeon.
             The game lasted 00:05:53 (4240 turns).

growler the Insei (Merfolk Transmuter)              Turns: 4240, Time: 00:05:53

Health: -6/32      AC:  2    Str: 10    XL:     4   Next: 86%
Magic:  8/8        EV: 12    Int: 14    God:
Gold:   83         SH:  0    Dex: 14    Spells: 3/9 levels left

rFire   . . .      SeeInvis .     - Unarmed
rCold   . . .      Faith    .   (no shield)
rNeg    . . .      Spirit   .   a - +0 robe
rPois   .          Reflect  .   (no helmet)
rElec   .          Harm     .   (no cloak)
rCorr   .          Rampage  .   (no gloves)
Will    .....                   (no boots)
Stlth   +.........              (no amulet)
HPRegen 0.10/turn               (no ring)
MPRegen 0.11/turn               (no ring)

@: no status effects
A: (nimble swimmer 2), mertail
a: no special abilities


You were on level 3 of the Dungeon.
You visited 1 branch of the dungeon, and saw 3 of its levels.

You collected 83 gold pieces.

Inventory:

Armour
 a - a +0 robe (worn)
Jewellery
 b - an amulet of faith
 k - a ring of protection from cold
 p - a ring of protection from fire
Scrolls
 e - 2 scrolls of blinking
 f - a scroll of noise {unknown}
 g - a scroll of amnesia {unknown}
 i - a scroll of teleportation {unknown}
 j - a scroll of immolation {unknown}
 o - a scroll of butterflies {unknown}
 r - a scroll of vulnerability {unknown}
Potions
 c - 2 potions of attraction {unknown}
 d - a potion of flight
 h - 3 potions of degeneration {unknown}
 l - a potion of invisibility {unknown}
 m - a potion of curing {unknown}
 n - a potion of mutation {unknown}
 q - a potion of haste


   Skills:
 - Level 1.1 Fighting
 - Level 2.6 Dodging
 + Level 4.6 Unarmed Combat
 - Level 3.0 Spellcasting
 - Level 4.0 Transmutations


You had 3 spell levels left.
You knew the following spells:

 Your Spells              Type           Power      Damage    Failure   Level
a - Beastly Appendage     Tmut           26%        N/A       4%          1
b - Wereblood             Tmut           13%        N/A       6%          2
c - Spider Form           Tmut/Pois      7%         N/A       28%         3

Your spell library contained the following spells:

 Spells                   Type           Power      Damage    Failure   Level
 Apportation              Tloc           4%         N/A       22%         1
 Necrotise                Necr           8%         1d4       22%         1
 Summon Small Mammal      Summ           8%         N/A       22%         1
 Poisonous Vapours        Pois/Air       4%         N/A       32%         2
 Ice Form                 Ice/Tmut       7%         N/A       67%         4
 Corpse Rot               Necr/Pois/Air  2%         N/A       91%         4


Dungeon Overview and Level Annotations

Branches:
Dungeon (3/15)

Altars:


Innate Abilities, Weirdness & Mutations

((You are very nimble when in or above water. (Stealth+, EV+, Speed+++)))
Your lower body shifts to a powerful aquatic tail in water.


Message History

You closely miss the gnoll. The gnoll hits you with a +0 flail.
You hit the gnoll. You headbutt the gnoll!
The gnoll is severely wounded.
You hit the gnoll.
You feel a bit better.
You kill the gnoll!
No target in view!
No target in view!
Your transformation is almost over.
You howl as the wereblood boils in your veins!
Your primal bloodlust is almost over.
You hear a shout!
A gnoll comes into view. It is wielding a +0 whip.
You see here a +0 flail.
You howl as the wereblood boils in your veins!
Your horns disappear.
You hear a shout!
The gnoll closely misses you.
You hit the gnoll but do no damage. The gnoll hits you with a +0 whip!
You hit the gnoll.
The gnoll is moderately wounded.
Your primal bloodlust has ended.
The gnoll hits you with a +0 whip!
A gnoll comes into view. It is wielding a +0 halberd.
You hit the gnoll but do no damage.
The gnoll is moderately wounded.
The gnoll hits you with a +0 whip.
The gnoll hits you from afar with a +0 halberd!
* * * LOW HITPOINT WARNING * * *
You hit the gnoll.
The gnoll is severely wounded.
The gnoll misses you. The gnoll barely misses you.
The gnoll attacks as you move away! The gnoll closely misses you.
You see here a +0 flail.
You see here a scroll labelled TITHRE USIJOOBB.
The gnoll attacks as you move away! The gnoll misses you.
The gnoll attacks as you move away! The gnoll closely misses you.
The gnoll attacks as you move away! The gnoll barely misses you.
The gnoll attacks as you move away! The gnoll closely misses you.
The gnoll attacks as you move away! The gnoll hits you with a +0 whip!
You die...

....# #####....######### ....#
#.................
......##.#####.....###### #
.................#......#######
#
##...#########...######.......#
# #.. # ##...## ###.##### #
####.# ..## #.#...####..# #
#....# #...##..##..#...## #
.....# #..)#@# #.....# #
#.#.####### #..g# ###.#.### #
#.)........ ##..#####.#...## #
#...######..###g.#....###..#####
##...?..# #........#### ##....##
###.##.#######.....### ####.#.
#.............##...## #...
###..######.........########†
##..##......#..##...... ..


You could see 2 gnolls.

Vanquished Creatures
  A gnoll (D:3)
  4 adders
  2 worms
  An orc (D:3)
  6 ball pythons
  4 endoplasms
  A giant cockroach (D:2)
  4 goblins
  7 hobgoblins (D:1)
  6 jackals
  5 kobolds
  A quokka (D:2)
  2 bats
  4 frilled lizards
  5 rats
53 creatures vanquished.

Notes
Turn   | Place    | Note
-------+----------+-------------------------------------------
     0 | D:1      | growler the Merfolk Transmuter began the quest for the Orb.
     0 | D:1      | Reached XP level 1. HP: 15/15 MP: 3/3
     2 | D:1      | Noticed a demonspawn
     2 | D:1      | Noticed a naga
     4 | D:1      | Noticed an ogre
     4 | D:1      | Noticed an octopode
     6 | D:1      | Noticed a tengu
     8 | D:1      | Noticed a troll
    10 | D:1      | Noticed a draconian
    10 | D:1      | Noticed a gargoyle
    12 | D:1      | Noticed a meteoran
    12 | D:1      | Noticed a vine stalker
    14 | D:1      | Noticed a demigod
    14 | D:1      | Noticed a formicid
    16 | D:1      | Noticed a vampire
    16 | D:1      | Noticed a ghoul
    18 | D:1      | Noticed a palentonga
    18 | D:1      | Noticed a spriggan
    20 | D:1      | Noticed a merfolk
    20 | D:1      | Noticed an elf
    22 | D:1      | Noticed a minotaur
    22 | D:1      | Noticed a felid
    24 | D:1      | Noticed a tengu
    26 | D:1      | Noticed a demonspawn
   130 | D:1      | Reached XP level 2. HP: 4/21 MP: 5/5
   133 | D:1      | Learned a level 2 spell: Wereblood
   837 | D:1      | Found a faded altar of an unknown god.
   943 | D:1      | Reached XP level 3. HP: 22/26 MP: 3/6
  1199 | D:1      | Learned a level 3 spell: Spider Form
  3126 | D:2      | Reached XP level 4. HP: 22/32 MP: 8/8
  4219 | D:3      | HP: 1/32 [gnoll/+0 halberd (15)]
  4240 | D:3      | Mangled by a gnoll

Illustrated notes

Levels and vault maps discovered:
D:1:      kb_arrival_jail, layout_basic, hellmonk_ecumenical_altar_arch_garden
D:2:      layout_loops_ring
D:3:      layout_rooms, nicolae_underground_beach

Skill      XL: |  1  2  3  4 |
---------------+-------------+-----
Transmutations | 3 4 |  4.0
Unarmed Combat | 4 |  4.6
Spellcasting   | 3 |  3.0
Fighting       | |  1.1
Dodging        | |  2.6

Action                   |  1- 3 |  4- 6 || total
-------------------------+-------+-------++-------
Melee: Unarmed           |   118 |    46 ||   164
       Headbutt          |    17 |     8 ||    25
       Punch             |     1 |     1 ||     2
 Cast: Beastly Appendage |    22 |    11 ||    33
       Wereblood         |     2 |     2 ||     4
       Spider Form       |     1 |       ||     1
  Use: Potion            |     1 |     1 ||     2
       Scroll            |       |     3 ||     3
 Stab: Sleeping          |       |     1 ||     1
Armor: Robe              |    14 |     3 ||    17
       Skin              |     4 |       ||     4
Dodge: Dodged            |    70 |    20 ||    90
